 Seeded DCSS version 0.30-a0-916-g9813417 (webtiles) character file.

Game seed: 7994615043735159278 (custom seed)

174 Illumine the Shooter (level 5, -3/41 HPs)
             Began as a Ghoul Hexslinger on Mar 19, 2023.
             Slain by an ufetubus (4 damage)
             ... on level 4 of the Dungeon.
             The game lasted 00:08:18 (3234 turns).

Illumine the Shooter (Ghoul Hexslinger)             Turns: 3234, Time: 00:08:19

Health: -3/41      AC:  3    Str: 14    XL:     5   Next: 54%
Magic:  4/5        EV: 12    Int:  8    God:
Gold:   138        SH:  0    Dex: 11    Spells: 2/6 levels left

rFire   . . .      SeeInvis .    a - +0 long sword
rCold   + . .      Faith    .    (no shield)
rNeg    + + +      Spirit   .    c - +0 robe
rPois   ∞          Reflect  .    (no helmet)
rElec   .          Rampage  .    (no cloak)
rCorr   .                        (no gloves)
Will    .....                    o - +0 pair of boots
Stlth   +                        m - amulet of regeneration
HPRegen 0.00/turn                (no ring)
MPRegen 0.09/turn                (no ring)

@: very slightly contaminated, inhibited regen
A: claws 1, cold resistance 1, negative energy resistance 3, inhibited
regeneration, torment resistance 2, devour on kill
a: no special abilities


You were on level 4 of the Dungeon.
You visited 1 branch of the dungeon, and saw 4 of its levels.

You collected 138 gold pieces.

Inventory:

Hand Weapons
 a - a +0 long sword (weapon)
 b - a +1 sling
Armour
 c - a +0 robe (worn)
 j - a +0 ring mail
 o - a +0 pair of boots (worn)
Jewellery
 m - an amulet of regeneration (around neck)
Scrolls
 d - 2 scrolls of teleportation
 f - a scroll of silence {unknown}
 i - 2 scrolls of enchant weapon
 k - a scroll of poison
 l - a scroll of noise {unknown}
 n - a scroll of vulnerability {unknown}
 r - a scroll of immolation {unknown}
Potions
 e - 3 potions of curing
 h - a potion of lignification {unknown}
 p - a potion of heal wounds {unknown}
 q - a potion of degeneration {unknown}


   Skills:
 - Level 2.0 Fighting
 + Level 1.1 Long Blades
 * Level 3.6 Ranged Weapons
 - Level 2.0 Dodging
 - Level 1.0 Spellcasting
 + Level 3.0 Hexes
 + Level 1.4 Translocations


You had 2 spell levels left.
You knew the following spells:

 Your Spells              Type           Power      Damage    Failure   Level
a - Slow                  Hex            20%        N/A       12%         1
b - Portal Projectile     Hex/Tloc       6%         N/A       43%         3

Your spell library contained the following spells:

 Spells                   Type           Power      Damage    Failure   Level
 Inner Flame              Hex/Fire       2%         N/A       54%         3
 Ozocubu's Armour         Ice            0%         N/A       75%         3
 Cause Fear               Hex            2%         N/A       75%         4
 Metabolic Englaciation   Hex/Ice        1%         N/A       99%         5
 Simulacrum               Ice/Necr       0%         N/A       100%        6


Dungeon Overview and Level Annotations

Branches:
Dungeon (4/15)
 Temple: D:4-7

Altars:
Sif Muna

Shops:
D:1 =


Innate Abilities, Weirdness & Mutations

You are immune to poison.
You have sharp fingernails.
Your flesh is cold resistant. (rC+)
You are immune to negative energy. (rN+++)
You do not regenerate when monsters are visible.
You are immune to unholy pain and torment.
You thrive by killing the living.


Message History

The ufetubus barely misses you. The ufetubus closely misses you.
The ufetubus hits you but does no damage. x2
You completely miss the ufetubus.
The ufetubus is moderately wounded.
The ufetubus closely misses you. The ufetubus barely misses you.
The ufetubus hits you.
The ufetubus hits you but does no damage.
You barely miss the ufetubus.
The ufetubus is moderately wounded.
The ufetubus closely misses you.
The ufetubus hits you but does no damage.
The ufetubus barely misses you. x2
You closely miss the ufetubus.
The ufetubus is moderately wounded.
The ufetubus misses you. The ufetubus hits you.
The ufetubus completely misses you. The ufetubus barely misses you.
You miss the ufetubus.
The ufetubus is moderately wounded.
The ufetubus hits you. The ufetubus barely misses you. x2
The ufetubus closely misses you.
You miss the ufetubus.
The ufetubus is moderately wounded.
The ufetubus hits you. The ufetubus closely misses you.
The ufetubus hits you. x2
* * * LOW HITPOINT WARNING * * *
The ufetubus attacks as you move away! The ufetubus hits you.
* * * LOW HITPOINT WARNING * * *
The ufetubus barely misses you. The ufetubus hits you.
* * * LOW HITPOINT WARNING * * *
The ufetubus hits you.
* * * LOW HITPOINT WARNING * * *
Casting: Slow (safe; 12% risk of failure)
Confirm with . or Enter, or press ? or * to list all spells.
Aiming: Slow (safe; 12% risk of failure)
Press: ? - help, Shift-Dir - straight line, f - ufetubus
Aim: an ufetubus (moderately wounded, chance to affect: 48%)
You miscast Slow.
You are very lightly contaminated with residual magic.
Nothing appears to happen.
The ufetubus closely misses you. The ufetubus hits you.
You die...

######### #####
#........
.####...######.####
......#.........@.#
#.....#####.##5#
##...## #.##s#
##.## #.##.# #.#
#..... #.# ##.#.#
##'##### ##.#
##......#### #.#
##..........##...


You could see a scorpion and an ufetubus.

Vanquished Creatures
  A phantom (D:4)
  3 adders
  2 worms
  2 dart slugs
  2 endoplasms
  2 giant cockroaches
  7 goblins
  8 hobgoblins
  5 kobolds
  4 quokkas
  5 ball pythons
  6 bats
  4 frilled lizards
  9 rats
60 creatures vanquished.

Notes
Turn   | Place    | Note
-------+----------+-------------------------------------------
     0 | D:1      | Illumine the Ghoul Hexslinger began the quest for the Orb.
     0 | D:1      | Reached XP level 1. HP: 16/16 MP: 1/1
   330 | D:1      | Reached XP level 2. HP: 23/23 MP: 2/2
   703 | D:1      | Found Qenupn's Jewellery Shoppe.
   819 | D:1      | Found a faded altar of an unknown god.
  1112 | D:2      | Reached XP level 3. HP: 29/29 MP: 3/3
  1116 | D:2      | Learned a level 3 spell: Portal Projectile
  1321 | D:2      | Found a shimmering blue altar of Sif Muna.
  2299 | D:2      | Reached XP level 4. HP: 36/36 MP: 4/4
  2752 | D:3      | Identified the +6 dagger of Nishru {holy, Contam Will+
                  | Int+3 Stlth+}
  3098 | D:4      | Reached skill level 1 in Translocations
  3125 | D:4      | Noticed a lemure
  3161 | D:4      | Noticed a phantom
  3179 | D:4      | Killed a phantom
  3180 | D:4      | Reached skill level 1 in Long Blades
  3180 | D:4      | Reached XP level 5. HP: 21/41 MP: 5/5
  3233 | D:4      | HP: 1/41 [ufetubus (3)]
  3234 | D:4      | Slain by an ufetubus

Illustrated notes

Levels and vault maps discovered:
D:1:      sevenhm_arrival_forest_fort_small_3, layout_basic, serial_shops,
          nicolae_shop_waterfront, shapermc_ecumenical_altar_mp_highgroup,
          minmay_tripent
D:2:      layout_basic, basic_altar
D:3:      layout_basic, nicolae_qazlal_style_of_elements,
          mainiacjoe_overflow_alcove_2, grunt_ministairs_6
D:4:      cheibrodos_helix_gallery, layout_loops_corners, serial_glass,
          glass_columns_c, glass_columns_b, chequers_mini_garden, uniq_pikel,
          uniq_robin, uniq_crazy_yiuf_cottage

Skill      XL: |  1  2  3  4 |
---------------+-------------+-----
Ranged Weapons | 2 3 |  3.6
Dodging        | 2 |  2.0
Fighting       | 2 |  2.0
Translocations | 1 |  1.4
Long Blades    | 1 |  1.1
Hexes          | 3 |  3.0
Spellcasting   | |  1.0

Action                     |  1- 3 |  4- 6 || total
---------------------------+-------+-------++-------
  Melee: Unarmed           |    72 |       ||    72
         Long sword        |       |    69 ||    69
         Punch             |       |     2 ||     2
   Fire: Sling             |    86 |    44 ||   130
   Cast: Slow              |       |     4 ||     4
    Use: Scroll            |       |     3 ||     3
 Armour: Robe              |     2 |    23 ||    25
         Ring mail         |    23 |       ||    23
  Dodge: Dodged            |    62 |    65 ||   127

Table legend: (Time is in decaauts)
 A = Elapsed time spent in this place.
 B = Non-inter-level travel time spent in this place.
 C = Inter-level travel time spent in this place.
 D = Time resting spent in this place.
 E = Time spent auto-exploring this place.
 F = Levels seen in this place.
 G = Mean time per level.
                   A        B        C        D        E       F      G
               +--------+--------+--------+--------+--------+-----+--------+
         Total |   3269 |   3079 |    190 |    231 |   2179 |   4 |  817.2 |
       Dungeon |   3269 |   3079 |    190 |    231 |   2179 |   4 |  817.2 |
               +--------+--------+--------+--------+--------+-----+--------+

Top non-repeatable levels by time:
     D:2: 1470 daAuts
     D:1: 1046 daAuts
     D:4: 386 daAuts
     D:3: 365 daAuts
